 Dungeon Crawl Stone Soup version 0.24-a0-475-g5b41c6f198 (webtiles) character file.

Game seed: 5393699737160878894

149 vurker the Firebug (level 5, -4/29 HPs)
             Began as a Deep Elf Fire Elementalist on July 5, 2019.
             Killed by divine providence
             ... invoked by an orc priest
              (11 damage)
             ... on level 3 of the Dungeon.
             The game lasted 00:05:53 (2668 turns).

vurker the Firebug (Deep Elf Fire Elementalist)     Turns: 2668, Time: 00:05:53

Health: -4/29      AC:  6    Str: 10    XL:     5   Next: 9%
Magic:  3/13       EV: 13    Int: 21    God:
Gold:   104        SH:  0    Dex: 15    Spells: 2/12 levels left

rFire    . . .     SeeInvis .   s - +0 trident
rCold    . . .     Gourm    .   (no shield)
rNeg     . . .     Faith    .   a - +0 robe
rPois    .         Spirit   .   d - +1 hat
rElec    .         Reflect  .   f - +1 cloak
rCorr    .         Harm     .   r - +0 pair of gloves (curse)
MR       .....                  (no boots)
Stlth    ++........             (no amulet)
HPRegen  0.09/turn              (no ring)
MPRegen  0.13/turn              (no ring)

@: mighty, very slightly contaminated, slowed, very slow
A: no striking features
a: no special abilities


You were on level 3 of the Dungeon.
You were not hungry.

You visited 1 branch of the dungeon, and saw 3 of its levels.

You collected 104 gold pieces.

Inventory:

Hand Weapons
 s - a +0 trident (weapon)
   (You found it on level 3 of the Dungeon)
Armour
 a - a +0 robe (worn)
 d - a +1 hat (worn)
   (You found it on level 1 of the Dungeon)
 f - a +1 cloak (worn)
   (You found it on level 1 of the Dungeon)
 r - a cursed +0 pair of gloves (worn)
   (You found it on level 2 of the Dungeon)
Wands
 t - a wand of flame (22)
   (You found it on level 2 of the Dungeon)
Scrolls
 b - 3 scrolls of identify {@r1}
 h - a scroll of noise {unknown}
 j - a scroll of amnesia {unknown}
 k - a scroll of fear {unknown}
 m - a scroll of teleportation {unknown}
 o - a scroll of enchant armour {unknown}
 q - a scroll of magic mapping {unknown}
Potions
 c - a potion of might
 i - a potion of magic {unknown}
 l - a potion of lignification {unknown}
 p - a potion of resistance {unknown}
Comestibles
 e - 3 rations {!d}
 n - 3 chunks of flesh


   Skills:
 + Level 1.3 Fighting
 - Level 2.4 Dodging
 - Level 2.4 Stealth
 + Level 4.0 Spellcasting
 * Level 3.1 Conjurations
 * Level 4.6 Fire Magic


You had 2 spell levels left.
You knew the following spells:

 Your Spells              Type           Power        Failure   Level  Hunger
a - Flame Tongue          Conj/Fire      ###..        2%          1    None
b - Throw Flame           Conj/Fire      ###...       3%          2    #......
c - Conjure Flame         Conj/Fire      ###.....     8%          3    ###....
q - Sticky Flame          Conj/Fire      ###.....     24%         4    ####...

Your spell library contained the following spells:

 Spells                   Type           Power        Failure   Level  Hunger
 Inner Flame              Hex/Fire       ##......     14%         3    ###....
 Fireball                 Conj/Fire      ###.......   56%         5    ######.


Dungeon Overview and Level Annotations

Branches:
Dungeon (3/15)

Altars:


Message History

The orc wizard blinks!
The orc shouts!
You miss the hound. The hound bites you but does no damage.
The orc priest looks satisfied for a moment.
The orc barely misses you. The hound closely misses you.
The orc wizard hits you but does no damage.
Aim: a hound (almost dead)
The flame tongue hits the hound.
You kill the hound!
Your Spellcasting skill increases to level 4!
Your Conjurations skill increases to level 3!
You have reached level 5!
The orc priest hits you with a +0 hand axe!
The orc barely misses you.
The orc wizard points at you and mumbles some strange words.
You feel yourself slow down.
The orc wizard hits you but does no damage.
As you read the scroll labeled BOGOPSA SAPSI, it crumbles to dust.
It is a scroll of identify.
c - 2 potions of might The orc wizard hits you but does no damage.
The orc misses you.
The orc wizard hits you with a +0 dagger.
* * * LOW HITPOINT WARNING * * *
The orc priest looks encouraged for a moment.
The orc closely misses you. The orc wizard barely misses you.
The orc wizard closely misses you.
The orc priest hits you but does no damage.
Okay, then.
Okay, then.
You feel very mighty all of a sudden.
The orc wizard hits you but does no damage.
The orc hits you but does no damage. The orc wizard barely misses you.
The orc wizard completely misses you.
The orc priest hits you but does no damage.
You puncture the orc priest!
The orc wizard hits you with a +1 dagger of flaming.
* * * LOW HITPOINT WARNING * * *
The orc wizard burns you.
* * * LOW HITPOINT WARNING * * *
The orc hits you with a +0 dagger.
* * * LOW HITPOINT WARNING * * *
The orc wizard gestures at you while chanting.
You feel as though you will be slow longer.
The orc wizard gestures at you while chanting.
The puff of flame misses you.
The puff of flame misses the orc wizard.
The orc priest mumbles some strange prayers to Beogh against you.
Beogh smites you!
You die...

.# .# <#
###.#####
#.......
.o... #oo#
#@o# #o.#
#..#
##..####..
#.........
#.........
#.........
##....#####
#...###


You could see an orc priest, 2 orc wizards and 2 orcs.

Vanquished Creatures
  A hound (D:3)
  An orc wizard (D:3)
  3 adders (D:2)
  2 oozes (D:2)
  2 worms (D:2)
  A dart slug (D:2)
  A leopard gecko (D:2)
  4 orcs
  4 giant cockroaches
  4 goblins
  4 hobgoblins (D:2)
  2 jackals (D:1)
  7 kobolds
  2 quokkas (D:2)
  3 bats (D:1)
  3 frilled lizards (D:2)
  3 rats (D:1)
47 creatures vanquished.

Notes
Turn   | Place    | Note
-------+----------+-------------------------------------------
     0 | D:1      | vurker the Deep Elf Fire Elementalist began the quest for
                  | the Orb.
     0 | D:1      | Reached XP level 1. HP: 10/10 MP: 6/6
   647 | D:1      | Reached XP level 2. HP: 15/15 MP: 4/8
   822 | D:1      | Learned a level 2 spell: Throw Flame
  1355 | D:2      | Reached XP level 3. HP: 20/20 MP: 0/9
  1867 | D:2      | Reached skill level 1 in Fighting
  1867 | D:2      | Reached XP level 4. HP: 25/25 MP: 7/11
  1946 | D:2      | Learned a level 3 spell: Conjure Flame
  1951 | D:2      | Learned a level 4 spell: Sticky Flame
  2665 | D:3      | Reached XP level 5. HP: 22/29 MP: 2/13
  2668 | D:3      | Killed from afar by an orc priest

Levels and vault maps discovered:
D:1:      lightli_arrival_lavapool, layout_basic
D:2:      layout_basic, first_ration, minmay_ruptured
D:3:      layout_rooms

Skill      XL: |  1  2  3  4 |
---------------+-------------+-----
Conjurations   | 2 3 |  3.1
Fire Magic     | 4 |  4.6
Fighting       | 1 |  1.3
Spellcasting   | 4 |  4.0
Dodging        | |  2.4
Stealth        | |  2.4

Action                   |  1- 3 |  4- 6 || total
-------------------------+-------+-------++-------
Melee: Unarmed           |    11 |       ||    11
       Dagger            |     6 |     7 ||    13
       Trident           |       |    22 ||    22
 Cast: Flame Tongue      |    56 |    16 ||    72
       Throw Flame       |     5 |     8 ||    13
       Conjure Flame     |       |     2 ||     2
  Use: Scroll            |       |     1 ||     1
       Potion            |       |     1 ||     1
 Stab: Sleeping          |     1 |       ||     1
  Eat: Chunk             |     3 |     3 ||     6
Armor: Robe              |     6 |    19 ||    25
Dodge: Dodged            |    31 |    25 ||    56

Table legend:
 A = Non-vault XP
 B = Vault XP
 C = Vault XP percentage of total XP
 D = Non-vault monster count
 E = Vault monster count
 F = Vault count percentage of total count
                 A         B        C        D         E       F
            +---------+---------+-------+---------+---------+-------
      Total |     204 |       9 |   4.2 |      44 |       3 |   6.4
            +---------+---------+-------+---------+---------+-------
        D:1 |      23 |       0 |   0.0 |      15 |       0 |   0.0
        D:2 |      86 |       9 |   9.5 |      21 |       3 |  12.5
        D:3 |      95 |       0 |   0.0 |       8 |       0 |   0.0
            +---------+---------+-------+---------+---------+-------
